AoeStats
← _LY_抖音肥龙

Nomad

505655641Analyzed
4v4 RM · 21d ago on Sep 10, 2026· 40m 19s· 8 players
Game mode
Random Map
Map size
231×231
Population
200
Speed
Normal
Resources
Standard
Victory
Conquest
Starting age
Dark Age
Ending age
Imperial Age
RankedLock teamsTeams togetherTeam positionsShared explorationLock speedFull tech treeHidden civsTurbo modeCheats
Victory
Defeat
🇨🇳 Dravidians · China
1720
+14
🇮🇳 Tupi · India
1635
+17
🇨🇳 Saracens · China
1632
+18
🇨🇳 Poles · China
1555
+20
🇭🇰 Italians · Hong Kong SAR China
1756
-21
🇩🇰 Georgians · Denmark
1687
-18
🇨🇳 Cumans · China
1616
-15
🇯🇴 Huns · Jordan
1607
-15
爱种田的太奶
8:26 Loom
14:19 Feudal Age
14:52 Town Watch
15:33 Double-Bit Axe
17:56 Castle Age
16:33 Gold Mining
18:52 Medium Warships
18:24 Fishing Lines
18:56 Bow Saw
20:54 Fletching
22:44 Bodkin Arrow
22:38 Horse Collar
24:39 Ballistics
28:23 Wheelbarrow
29:28 Hand Cart
29:53 Guard Tower
35:54 Imperial Age
34:24 Padded Archer Armor
34:57 Thumb Ring
34:47 Stone Mining
36:55 Bracer
37:56 Chemistry
37:52 Leather Archer Armor
39:49 Caravan
40:04 Clinker Construction
41:12 Ring Archer Armor
40:03 Elite Elephant Archer
41:05 Conscription
天琴弦
4:54 Loom
14:08 Feudal Age
17:40 Castle Age
15:51 Double-Bit Axe
19:23 Fletching
21:24 Bodkin Arrow
22:34 Gold Mining
28:47 Ballistics
35:46 Padded Archer Armor
悠律
4:40 Loom
14:25 Feudal Age
15:24 Double-Bit Axe
17:59 Castle Age
17:27 Gold Mining
17:37 Fletching
18:05 Crossbowman
18:43 Bodkin Arrow
29:23 Wheelbarrow
29:39 Ballistics
29:11 Town Watch
34:06 Gold Shaft Mining
40:34 Imperial Age
41:09 Hand Cart
Paladin
3:54 Loom
14:23 Feudal Age
18:47 Castle Age
22:22 Double-Bit Axe
23:27 Horse Collar
27:26 Heavy Plow
31:57 Wheelbarrow
31:44 Gold Mining
35:44 Imperial Age
33:20 Fletching
34:06 Bow Saw
34:09 Elite Skirmisher
34:46 Bodkin Arrow
34:53 Pikeman
36:45 Bracer
38:05 Chemistry
37:49 Padded Archer Armor
38:18 Ballistics
38:19 Bracer
38:28 Padded Archer Armor
CristinaLover
10:52 Loom
13:06 Feudal Age
17:20 Castle Age
15:56 Double-Bit Axe
16:18 Horse Collar
19:13 Scale Barding Armor
19:18 Forging
28:10 Chain Barding Armor
29:30 Bow Saw
30:37 Bloodlines
33:32 Husbandry
38:17 Wheelbarrow
CAPTAINKILL
4:19 Loom
12:02 Feudal Age
12:40 Double-Bit Axe
17:43 Forging
20:36 Horse Collar
23:22 Wheelbarrow
23:42 Scale Barding Armor
23:49 Bloodlines
26:18 Castle Age
25:49 Scale Barding Armor
25:55 Bloodlines
26:26 Gold Mining
36:50 Light Cavalry
37:32 Husbandry
_LY_抖音肥龙
5:04 Loom
14:12 Feudal Age
14:56 Double-Bit Axe
15:11 Fishing Lines
17:43 Castle Age
16:23 Gold Mining
21:32 Gillnets
22:50 Fletching
23:16 Bow Saw
23:41 Bodkin Arrow
25:07 Padded Archer Armor
25:43 Wheelbarrow
32:14 Ballistics
35:05 Horse Collar
37:11 Town Watch
38:14 Masonry
38:44 Leather Archer Armor
Bz_青红
12:27 Feudal Age
16:09 Castle Age
15:38 Double-Bit Axe
16:08 Loom
16:09 Town Watch
20:07 Fletching
22:32 Bodkin Arrow
28:46 Capped Ram
37:27 Imperial Age
35:57 Padded Archer Armor
38:06 Wheelbarrow
38:00 Ballistics
37:54 Bloodlines
38:54 Conscription
40:08 Chemistry
39:48 Leather Archer Armor
Connection lost

Rejoining the realm…

Still unreachable

The connection could not be restored.

Session expired

The server has moved on; the page needs a fresh start.